 Dungeon Crawl Stone Soup version 0.30.0 (webtiles) character file.

Game seed: 1856212117737438375

25 Dani the Chopper (level 2, -2/24 HPs)
             Began as a Demonspawn Fighter on May 20, 2023.
             Slain by an adder (3 damage)
             ... on level 2 of the Dungeon.
             The game lasted 00:01:33 (885 turns).

Dani the Chopper (Demonspawn Fighter)                Turns: 885, Time: 00:01:33

Health: -2/24      AC:  7    Str: 16    XL:     2   Next: 86%
Magic:  2/2        EV:  8    Int:  9    God:
Gold:   22         SH:  4    Dex: 12    Spells: 1/1 levels left

rFire   . . .        a - +0 war axe
rCold   . . .        c - +0 buckler
rNeg    . . .        b - +0 scale mail
rPois   .            (no helmet)
rElec   .            (no cloak)
rCorr   .            e - +0 pair of gloves
SInv    .            (no boots)
Will    .....        (no amulet) Stlth
                     (no ring)
HPRegen 0.24/turn    (no ring)
MPRegen 0.08/turn

%: no passive effects
@: lethally poisoned (-2 -> -10), flying
A: spiny 1
a: no special abilities


You were on level 2 of the Dungeon.
You visited 1 branch of the dungeon, and saw 2 of its levels.

You collected 22 gold pieces.

Inventory:

Hand Weapons
 a - a +0 war axe (weapon)
Armour
 b - a +0 scale mail (worn)
 c - a +0 buckler (worn)
 e - a +0 pair of gloves (worn)
   (You found it on level 1 of the Dungeon)
Scrolls
 f - a scroll of identify {unknown}
 h - a scroll of enchant armour {unknown}
Potions
 d - a potion of might


   Skills:
 - Level 3.0 Fighting
 + Level 3.1 Axes
 - Level 2.6 Armour
 - Level 2.6 Shields


You had one spell level left.
You didn't know any spells.
Your spell library contained the following spells:

 Spells                   Type           Power      Damage    Failure   Level
 Beastly Appendage        Tmut           0%         N/A       88%         1
 Wereblood                Tmut           0%         N/A       96%         2
 Spider Form              Tmut/Pois      0%         N/A       99%         3


Dungeon Overview and Level Annotations

Branches:
Dungeon (2/15)

Altars:


Innate Abilities, Weirdness & Mutations

You are partially covered in sharp spines.


Message History

Key pressed, stopping explore.
No target in view!
Key pressed, stopping explore.
No target in view!
No target in view!
Found a hat.
Found a stone staircase leading down.
No target in view!
h - a scroll labelled OFUESS OZEAJU No target in view!
There is a stone staircase leading down here.
There is a stone staircase leading down here.
Key pressed, stopping explore.
No target in view!
Key pressed, stopping explore.
No target in view!
No target in view!
Key pressed, stopping explore.
A rat comes into view.
A rat is nearby!
A rat is nearby!
The rat is struck by your spines.
You kill the rat!
Key pressed, stopping explore.
No target in view!
Key pressed, stopping explore.
No target in view!
Key pressed, stopping explore.
No target in view!
Key pressed, stopping explore.
No target in view!
Found a stone staircase leading up.
Key pressed, stopping explore.
Key pressed, stopping explore.
Key pressed, stopping explore.
Key pressed, stopping explore.
Key pressed, stopping explore.
An adder comes into view.
Found a cyan potion.
An adder is nearby!
An adder is nearby!
An adder is nearby!
An adder is nearby!
An adder is nearby!
Found a book of Frost.
An adder is nearby!
The adder bites you.
You miss the adder. The adder bites you but does no damage.
The adder closely misses you.
An adder is nearby!
You hit the adder but do no damage. The adder bites you.
You are poisoned.
The adder poisons you! The adder bites you.
An adder is nearby!
You hit the adder but do no damage.
You feel very sick. The adder is struck by your spines.
The adder barely misses you. The adder is struck by your spines.
The adder bites you.
An adder is nearby!
You closely miss the adder.
The adder is lightly wounded.
You feel sick. The adder bites you.
* * * LOW HITPOINT WARNING * * *
You are more poisoned.
The adder poisons you!
An adder is nearby!
You closely miss the adder.
The adder is lightly wounded.
You feel very sick. The adder is struck by your spines.
The adder closely misses you. You block the adder's attack.
An adder is nearby!
You barely miss the adder.
The adder is moderately wounded.
You feel very sick. You block the adder's attack.
The adder is struck by your spines. The adder bites you but does no damage.
An adder is nearby!
You are too injured to fight recklessly!
An adder is nearby!
You are too injured to fight recklessly!
An adder is nearby!
You are too injured to fight recklessly!
An adder is nearby!
You are too injured to fight recklessly!
You are too injured to fight recklessly!
An adder is nearby!
It was a potion of flight.
You feel very buoyant.
You fly up into the air.
You feel sick. The adder bites you.
* * * LOW HITPOINT WARNING * * *
You are lethally poisoned!
The adder poisons you!
You miss the adder.
The adder is moderately wounded.
* * * LOW HITPOINT WARNING * * *
You feel very sick. The adder bites you.
* * * LOW HITPOINT WARNING * * *
The adder is struck by your spines. The adder bites you.
You die...

#####.#... #. #.....#.##
# .## #.#####<.. #. ..
#.# #### #!.#. #.# #
#..#.### #.# # # .....#
#.#### # #..#S#.#
#.##.## #
#....@.######.#...####
.:.....................'
###....#######......####
#..## #..##.## # #.#
#..##.# #. ##.#.#.# #
#.###..# ##.#...##
#.[....# #


You could see an adder.

Vanquished Creatures
  An endoplasm (D:1)
  A giant cockroach (D:1)
  6 goblins
  4 hobgoblins (D:1)
  A jackal (D:1)
  2 bats (D:1)
  3 kobolds (D:1)
  6 rats
24 creatures vanquished.

Notes
Turn   | Place    | Note
-------+----------+-------------------------------------------
     0 | D:1      | Dani the Demonspawn Fighter began the quest for the Orb.
     0 | D:1      | Reached XP level 1. HP: 18/18 MP: 1/1
    40 | D:1      | Reached skill level 2 in Axes
   154 | D:1      | Gained mutation: You are partially covered in sharp spines.
                  | [demonic ancestry]
   154 | D:1      | Reached XP level 2. HP: 22/24 MP: 2/2
   426 | D:1      | Reached skill level 3 in Axes
   885 | D:2      | HP: 4/24 [poisoned by an adder]
   885 | D:2      | HP: 1/24 [adder (3)]
   885 | D:2      | Slain by an adder

Illustrated notes

Levels and vault maps discovered:
D:1:      lightli_arrival_quake, layout_basic, minmay_tetromino_s2
D:2:      layout_loops_corners

Skill      XL: |  1  2 |
---------------+-------+-----
Axes           | 2 3 |  3.1
Fighting       | |  3.0
Armour         | |  2.6
Shields        | |  2.6

Action                     || total
---------------------------++-------
  Melee: War axe           ||    46
    Use: Potion            ||     1
 Armour: Scale mail        ||    18
  Dodge: Dodged            ||    17
  Block: Buckler           ||    14

Levels and vault maps discovered:
D:1:      lightli_arrival_quake, layout_basic, minmay_tetromino_s2
D:2:      layout_loops_corners

Table legend: (Time is in decaauts)
 A = Elapsed time spent in this place.
 B = Non-inter-level travel time spent in this place.
 C = Inter-level travel time spent in this place.
 D = Time resting spent in this place.
 E = Time spent auto-exploring this place.
 F = Levels seen in this place.
 G = Mean time per level.
                   A        B        C        D        E       F      G
               +--------+--------+--------+--------+--------+-----+--------+
         Total |    903 |    890 |     13 |      0 |    747 |   2 |  451.5 |
       Dungeon |    903 |    890 |     13 |      0 |    747 |   2 |  451.5 |
               +--------+--------+--------+--------+--------+-----+--------+

Top non-repeatable levels by time:
     D:1: 725 daAuts
     D:2: 178 daAuts

Table legend:
 A = Kills in this place as a percentage of kills in the entire game.
 B = Kills by you in this place as a percentage of kills by you in the entire game.
 C = Kills by friends in this place as a percentage of kills by friends in the entire game.
 D = Other kills in this place as a percentage of other kills in the entire game.
 E = Experience gained in this place as a percentage of experience gained in the entire game.
 F = Experience gained in this place divided by the number of levels of this place that you have seen.
                   A       B       C       D       E      F
               +-------+-------+-------+-------+-------+----------------------
         Total | 100.0 | 100.0 |   N/A |   N/A | 100.0 |  18.5
       Dungeon | 100.0 | 100.0 |   N/A |   N/A | 100.0 |  18.5
               +-------+-------+-------+-------+-------+----------------------
